 Dungeon Crawl Stone Soup version 0.29-a0-284-gf9362112df (webtiles) character file.

Game seed: 2079487023385207447

18531 spaghetti the Whirler (level 12, -2/129 HPs)
             Began as a Demonspawn Delver on Mar 25, 2022.
             Was a Priest of Trog.
             Slain by a stone giant simulacrum (22 damage)
             ... animated by a necromancer
             ... on level 15 of the Dungeon.
             The game lasted 00:26:47 (12689 turns).

spaghetti the Whirler (Demonspawn Delver)          Turns: 12689, Time: 00:26:48

Health: -2/129     AC: 30    Str: 14    XL:     12   Next: 28%
Magic:  12/12      EV:  2    Int: 12    God:    Trog [***...]
Gold:   584        SH:  0    Dex: 18    Spells: 11/11 levels left

rFire   . . .      SeeInvis .     - Unarmed
rCold   . . .      Faith    .   (no shield)
rNeg    . . .      Spirit   .   (body armour currently unavailable)
rPois   +          Reflect  .   (helmet currently unavailable)
rElec   .          Harm     .   (cloak currently unavailable)
rCorr   .          Rampage  .   (gloves unavailable)
Will    +++..      NoTele   +   (boots currently unavailable)
Stlth   +.........              (no amulet)
HPRegen 1.31/turn               q - +4 ring of protection
MPRegen 0.13/turn               y - ring of willpower

@: confused, tree-form, ambrosia-drunk, strong-willed, on berserk cooldown,
regenerating, slowed, studying Fighting, very slow
A: stationary, stasis, torment immunity, boosted hp, (antennae 2), (claws 3),
demonic guardian 1, (spiny 1), (weakness stinger 1)
a: Renounce Religion, Berserk, Trog's Hand


You were on level 15 of the Dungeon.
You worshipped Trog.
Trog was most pleased with you.
You were a tree.
You visited 2 branches of the dungeon, and saw 15 of its levels.

You collected 584 gold pieces.


Innate Abilities, Weirdness & Mutations

You are a tree.
Your roots penetrate the ground, keeping you stationary.
You cannot be teleported.
You are immune to unholy pain and torment.
Your maximum health is greatly increased.
Your equipment is partially melded.
((You have a pair of antennae on your head.))
((You have claws for hands.))
A weak demonic guardian rushes to your aid.
((You are partially covered in sharp spines.))
((You have a small tail.))


   Skills:
 + Level 5.3 Fighting
 - Level 1.7 Short Blades
 - Level 16.0 Slings
 + Level 4.5 Dodging
 - Level 5.8 Stealth
 + Level 7.1 Unarmed Combat


You had 11 spell levels left.
You didn't know any spells.
Your spell library contained the following spells:

 Spells                   Type           Power      Damage    Failure   Level
 Apportation              Tloc           0%         N/A       32%         1
 Magic Dart               Conj           0%         1d3       32%         1
 Searing Ray              Conj           0%         2d4       45%         2
 Sublimation of Blood     Necr           0%         N/A       45%         2
 Wereblood                Tmut           0%         N/A       45%         2
 Summon Guardian Golem    Hex/Summ       0%         N/A       69%         3
 Fulminant Prism          Conj/Hex       0%         3d6       97%         4
 Alistair's Intoxication  Tmut/Pois      0%         N/A       100%        5
 Orb of Destruction       Conj           0%         9d5       100%        7
 Spellforged Servitor     Conj/Summ      0%         N/A       100%        7
 Summon Hydra             Summ           0%         N/A       100%        7

Inventory:

Hand Weapons
 a - the +10 hunting sling of Indignation {flame, *Slow rF+ rCorr Int+2, sling}
   (You found it on level 3 of the Dungeon)

   Any ammunition fired from it burns those it strikes, dealing additional fire
   damage.
   Int:       It affects your intelligence (+2).
   rF:        It protects you from fire.
   rCorr:     It protects you from acid and corrosion.
   *Slow:     It may slow you when you take damage.
 M - the +10 lajatang "Samn" {protect, Drain rPois Str+4, staff}
   (You found it on level 9 of the Dungeon)

   It grants its wielder temporary protection when it strikes (+7 to AC).
   Str:       It affects your strength (+4).
   rPois:     It protects you from poison.
   Drain:     It drains your maximum health when unequipped.
Missiles
 h - 12 poisoned darts {throwing}
 w - 267 stones (quivered) {throwing}
 C - a curare-tipped dart {=fthrowing}
 N - 5 boomerangs {throwing}
 S - 3 throwing nets {=f!fthrowing}
Armour
 F - a +0 pair of boots (melded)
   (You found it on level 3 of the Dungeon)
 G - a +0 cloak (melded)
   (You found it on level 7 of the Dungeon)
 H - the +3 leather armour "Dymp" (melded) {Rampage Will+}
   (You found it on level 6 of the Dungeon)

   Rampage:   It bestows one free step when moving towards enemies.
   Will:      It increases your willpower.
 O - +0 acid dragon scales
   (You found it on level 9 of the Dungeon)
Magical Staves
 B - a staff of conjuration {forbidden!a@e2staff}
   (You found it on level 6 of the Dungeon)
Jewellery
 b - a ring of flight
   (You found it on level 4 of the Dungeon)
 q - a +4 ring of protection (left branch)
   (You found it on level 5 of the Dungeon)
 r - a ring of ice
   (You found it on level 5 of the Dungeon)
 y - a ring of willpower (right branch)
   (You found it on level 6 of the Dungeon)
Wands
 g - a wand of digging (3)
 k - a wand of mindburst (18)
   (You found it on level 5 of the Dungeon)
 E - a wand of flame (19)
   (You took it off Maggie on level 6 of the Dungeon)
 J - a wand of iceblast (9)
   (You found it on level 8 of the Dungeon)
 K - a wand of charming (12)
   (You found it on level 8 of the Dungeon)
 Q - a wand of acid (8)
   (You found it on level 9 of the Dungeon)
Scrolls
 c - a scroll of fog
 d - a scroll of magic mapping {!r}
 e - 6 scrolls of fear
 i - a scroll of silence {!r}
 j - a scroll of noise {!r}
 l - a scroll of vulnerability {!r!r}
 m - a scroll of immolation {!r!r}
 n - a scroll of torment {!r}
 o - 11 scrolls of teleportation {@r4}
 A - 2 scrolls of enchant armour
 L - a scroll of amnesia
Potions
 p - 5 potions of curing {@q1}
 s - a potion of flight
 t - a potion of lignification {!q}
 u - a potion of cancellation {unknown}
 v - a potion of brilliance {unknown}
 z - a potion of might
 D - 2 potions of mutation {unknown}
 I - 2 potions of heal wounds {unknown}
 P - a potion of invisibility {unknown}
Miscellaneous
 R - a phantom mirror
   (You found it on level 10 of the Dungeon)

Dungeon Overview and Level Annotations

Branches:
Dungeon (13/15)            Temple (1/1) D:5            Lair (0/6) D:9
    Orc (0/2) D:10
 Vaults: D:13-14

Altars:
Ashenzari
Dithmenos
Elyvilon
Fedhas
Gozag
Hepliaklqana
Makhleb
Nemelex Xobeh
Okawaru
Qazlal
Ru
Sif Muna
Trog
Xom
Yredelemnul
Zin
The Shining One
Beogh
Jiyva

Annotations:
D:9 3 runed translucent doors, Darius099's ghost, novice TrBe

#.............
.............
............
...........
.......... u........
##ZZ...... #.♣4[...#
##CZu......
##.c.u....##
##....u.....#
###...8#8.....#
##.....#)#.....#
...##......8#8....##
#.................#
#..........####..##


You could see a stone giant simulacrum (ally target), a hell knight simulacrum
(ally target), 4 friendly ugly things, a friendly centaur warrior (summoned), a
friendly orange demon (summoned), a friendly cyclops (summoned) and a friendly
hornet simulacrum (summoned).


Message History

You smack the stone giant! 😕 HP[+1]
You pummel the stone giant!! The necromancer casts a spell at you.
The bolt of negative energy hits you!
You feel drained.
The stone giant hits you but does no damage.
The hell knight simulacrum hits you but does no damage. 😕 HP[-11]
You now have 181 max hp (-8).
You take 11 damage, and now have 137/181 hp.
You hit the stone giant. You punch the stone giant.
You feel the effects of Trog's Hand fading.
The stone giant hits you but does no damage.
The necromancer completely misses you. 😕 HP[+1]
You completely miss the stone giant.
The hell knight simulacrum hits you but does no damage. 😕 HP[+1]
You smack the stone giant!
The necromancer hits you but does no damage.
The stone giant hits you!! 😮 HP[-21]
You take 21 damage, and now have 118/181 hp.
You smack the stone giant!
You punch the stone giant, but do no damage.
The hell knight simulacrum hits you but does no damage.
The stone giant hits you but does no damage.
The necromancer hits you but does no damage. 😮 HP[+1]
You smack the stone giant!
You kill the stone giant!
Trog accepts your kill.
A freezing mist starts to gather...
A stone giant simulacrum comes into view.
Your life force feels restored.
Your Fighting skill increases to level 5!
Your Unarmed Combat skill increases to level 7! 😮 HP[+4]
You now have 193 max hp (+12).
You regained 4 hp, and now have 123/193 hp.
You pummel the necromancer!!
You are no longer berserk.
You are exhausted.
You feel yourself slow down.
The hell knight simulacrum hits you but does no damage.
The necromancer hits you but does no damage. 😮 HP[-40]
You now have 129 max hp (-64).
You hit the necromancer.
The necromancer hits you but does no damage.
The hell knight simulacrum hits you but does no damage. 😮 HP[+1]
You smack the necromancer!
You kill the necromancer!
Trog accepts your kill.
Trog appreciates your killing of a magic user.
The stone giant simulacrum hits you!
The stone giant simulacrum freezes you!!!
* * * LOW HITPOINT WARNING * * *
The hell knight simulacrum hits you but does no damage. 😱 HP[-55]
You take 55 damage, and now have 29/129 hp.
MASSIVE DAMAGE!! (PAUSE)
As you read the scroll of summoning, it crumbles to dust.
Wisps of shadow whirl around you...
Your skin stops crawling.
You feel less strong-willed.
The stone giant simulacrum hits you but does no damage.
The hell knight simulacrum hits you but does no damage.
Your skin crawls.
You feel strong-willed.
Your centaur warrior hits the stone giant simulacrum.
Your centaur warrior kicks the stone giant simulacrum but does no damage.
Your hornet simulacrum hits the hell knight simulacrum.
Your hornet simulacrum freezes the hell knight simulacrum.
The hell knight simulacrum completely resists.
The stone giant simulacrum hits you.
* * * LOW HITPOINT WARNING * * *
The stone giant simulacrum freezes you!
* * * LOW HITPOINT WARNING * * *
A demonic guardian appears!
The hell knight simulacrum hits you but does no damage.
Your green ugly thing basks in the mutagenic energy from its kin and changes!
Your green ugly thing closely misses the hell knight simulacrum.
Your green ugly thing pecks the stone giant simulacrum but does no damage.
Your centaur warrior hits the stone giant simulacrum but does no damage.
Your centaur warrior kicks the stone giant simulacrum but does no damage.
Your cyclops completely misses the stone giant simulacrum.
Your hornet simulacrum hits the hell knight simulacrum!
Your hornet simulacrum freezes the hell knight simulacrum.
The hell knight simulacrum completely resists. 😱 HP[-18]
You take 18 damage, and now have 11/129 hp.
Okay, then.
You are confused.
You feel invigorated.
Your centaur warrior hits the stone giant simulacrum but does no damage.
Your centaur warrior kicks the stone giant simulacrum but does no damage.
The stone giant simulacrum hits you!!
You die...

Skill      XL: |  1  2  3  4  5  6  7  8  9 10 11 12 |
---------------+-------------------------------------+-----
Stealth        | 5 |  5.8
Unarmed Combat | 1 2 4 5 6 7 |  7.1
Slings         | 4 8 11 13 16 | 16.0
Dodging        | 3 4 |  4.5
Fighting       | 5 |  5.3
Short Blades   | |  1.7

Action                   |  1- 3 |  4- 6 |  7- 9 | 10-12 || total
-------------------------+-------+-------+-------+-------++-------
Melee: Short sword       |     9 |       |       |       ||     9
       Unarmed           |    30 |    66 |    69 |   231 ||   396
       Punch             |       |     1 |     1 |     9 ||    11
       Tailslap          |       |       |    11 |    33 ||    44
 Fire: Hunting sling     |       |    24 |   154 |   225 ||   403
Invok: Berserk           |       |     2 |     9 |    17 ||    28
       Trog's Hand       |       |       |       |     5 ||     5
  Use: Potion            |     4 |       |       |     2 ||     6
       Scroll            |       |     4 |     5 |     6 ||    15
 Stab: Sleeping          |     4 |     9 |       |     1 ||    14
       Distracted        |     1 |       |       |     3 ||     4
Armor: Leather armour    |    17 |    13 |    33 |    63 ||   126
       Skin              |       |       |       |    20 ||    20
Dodge: Dodged            |    30 |    26 |    46 |   135 ||   237

Levels and vault maps discovered:
D:1:      dpeg_arrival_fog, layout_basic
D:2:      layout_basic, basic_ecumenical_altar, uniq_jessica
D:3:      layout_basic, minmay_overflow_temple_star_hex, uniq_natasha,
          uniq_sigmund
D:4:      layout_gridville, nicolae_ru_path_of_blood, okawaru_ov_weapons_minmay,
          enter_ossuary_1, nicolae_figureground_pulse, uniq_grinder
D:5:      minmay_bubble_buster, layout_rooms,
          minmay_temple_entry_drinking_statues
D:6:      layout_loops_cross, xom_redecorated, lemuel_round_altar,
          kennysheep_generic_room_3, uniq_maggie
D:7:      layout_basic, nicolae_tso_carved_into_rock, uniq_crazy_yiuf_cottage,
          uniq_prince_ribbit1
D:8:      layout_cave_pods, kennysheep_generic_room_12
D:9:      layout_irregular_city, dpeg_oklobed_lair, gammafunk_ghost_ooze,
          kennysheep_small_square, uniq_joseph
D:10:     layout_roguey, nemelex_diamond_rough_becter, david_orc_5
D:11:     layout_loops_cross, uniq_harold
D:12:     layout_loops_cross, minmay_between
D:13:     layout_cave_pools, erik_vaults_2, gauntlet_entry_generic,
          gammafunk_ghost_necromancy, serial_bayou, serial_bayou_pond_d,
          serial_bayou_crossing, serial_bayou_pond_a, serial_bayou_shore_a
D:15:     hangedman_depths_entry_civil_slaughter, layout_layer_cave,
          minmay_door_square, minmay_statues_item, uniq_josephine
Temple:   minmay_temple_curvy_loop

Notes
Turn   | Place    | Note
-------+----------+-------------------------------------------
     0 | D:5      | spaghetti the Demonspawn Delver began the quest for the
                  | Orb.
     0 | D:5      | Reached XP level 1. HP: 18/18 MP: 1/1
     0 | D:5      | magus.rc [v1.9.6]
     9 | D:5      | Noticed an iguana
    17 | D:5      | Found a staircase to the Ecumenical Temple.
    23 | D:5      | Noticed a necrophage
    26 | Temple   | Entered the Ecumenical Temple
   130 | Temple   | Became a worshipper of Trog the Wrathful
   163 | D:5      | HP: 1/16 [necrophage (5)]
   173 | D:4      | Noticed a hound
   452 | D:4      | Killed a hound
   453 | D:4      | Reached skill level 5 in Stealth
   453 | D:4      | Gained mutation: A weak demonic guardian rushes to your
                  | aid. [demonic ancestry]
   453 | D:4      | Reached XP level 2. HP: 7/24 MP: 2/2
   453 | D:4      | You feel monstrous as your demonic heritage exerts itself.
   453 | D:4      | Discovered your monstrous ancestry.
   453 | D:4      | Gained mutation: You have sharp fingernails. [demonic
                  | ancestry]
   453 | D:4      | Reached XP level 3. HP: 8/29 MP: 3/3
  1058 | D:4      | Reached skill level 1 in Unarmed Combat
  1129 | D:4      | HP: 7/29 [ufetubus (1)]
  1134 | D:4      | Gained mutation: You are partially covered in sharp spines.
                  | [demonic ancestry]
  1134 | D:4      | Reached XP level 4. HP: 14/35 MP: 4/4
  1504 | D:1      | Reached * piety under Trog
  1731 | D:1      | Reached skill level 2 in Unarmed Combat
  2085 | D:2      | Found a faded altar of an unknown god.
  2119 | D:2      | Gained mutation: You have a pair of small antennae on your
                  | head. [demonic ancestry]
  2119 | D:2      | Reached XP level 5. HP: 38/41 MP: 5/5
  2367 | D:2      | Reached skill level 3 in Unarmed Combat
  2480 | D:2      | Noticed Jessica
  2489 | D:2      | Killed Jessica
  2717 | D:3      | Noticed Sigmund
  2725 | D:3      | Killed Sigmund
  2726 | D:3      | Reached skill level 4 in Unarmed Combat
  2726 | D:3      | Gained mutation: You have very sharp fingernails. [demonic
                  | ancestry]
  2726 | D:3      | Reached XP level 6. HP: 47/47 MP: 6/6
  2726 | D:3      | Reached ** piety under Trog
  2727 | D:3      | Reached skill level 5 in Unarmed Combat
  2784 | D:3      | Identified the +10 hunting sling of Indignation {flame,
                  | *Slow rF+ rCorr Int+2}
  2817 | D:3      | Found a basalt altar of Yredelemnul.
  2819 | D:3      | Found a burning altar of Makhleb.
  2825 | D:3      | Found a shimmering blue altar of Sif Muna.
  2828 | D:3      | Found a shadowy altar of Dithmenos.
  2847 | D:3      | Found a blossoming altar of Fedhas.
  2964 | D:3      | Noticed Natasha
  2967 | D:3      | Killed Natasha
  3376 | D:4      | Found an iron altar of Okawaru.
  3393 | D:4      | Gained mutation: You have a small tail. [demonic ancestry]
  3393 | D:4      | Reached XP level 7. HP: 52/52 MP: 7/7
  3537 | D:4      | Reached skill level 1 in Slings
  3585 | D:4      | Found a sacrificial altar of Ru.
  3671 | D:4      | Noticed Grinder
  3678 | D:4      | Killed Grinder
  3679 | D:4      | Reached skill level 3 in Slings
  3875 | D:5      | Reached skill level 4 in Slings
  3930 | D:5      | Reached XP level 8. HP: 58/58 MP: 8/8
  3959 | D:5      | Reached skill level 5 in Slings
  4001 | D:5      | Reached skill level 6 in Slings
  4272 | D:5      | Reached skill level 7 in Slings
  4937 | D:5      | Reached skill level 8 in Slings
  5175 | D:6      | You pick up a book of Blood {forbidden} and begin
                  | reading...
  5175 | D:6      | You add the spells Sublimation of Blood, Wereblood and
                  | Summon Hydra to your library.
  5194 | D:6      | Gained mutation: You have a pair of antennae on your head.
                  | [demonic ancestry]
  5194 | D:6      | Reached XP level 9. HP: 63/63 MP: 9/9
  5276 | D:6      | Found a shimmering altar of Xom.
  5276 | D:6      | Found a shimmering altar of Xom.
  5276 | D:6      | Found a shimmering altar of Xom.
  5301 | D:6      | Reached skill level 9 in Slings
  5583 | D:6      | Identified the +0 leather armour of Evolution {rF++ rN+
                  | Int-5}
  5721 | D:6      | Found a shimmering altar of Xom.
  5722 | D:6      | Found a shimmering altar of Xom.
  5849 | D:6      | Noticed Maggie
  5857 | D:6      | Killed Maggie
  5858 | D:6      | Reached skill level 10 in Slings
  5912 | D:6      | Identified the +3 leather armour "Dymp" {Rampage Will+}
  6088 | D:7      | Reached *** piety under Trog
  6154 | D:7      | Noticed Prince Ribbit
  6159 | D:7      | Killed Prince Ribbit
  6160 | D:7      | Reached skill level 11 in Slings
  6238 | D:7      | Found a runed translucent door.
  6239 | D:7      | Noticed Crazy Yiuf
  6387 | D:7      | Killed Crazy Yiuf
  6388 | D:7      | Gained mutation: You have claws for hands. [demonic
                  | ancestry]
  6388 | D:7      | Reached XP level 10. HP: 70/70 MP: 10/10
  6813 | D:8      | Noticed a two-headed ogre
  6821 | D:8      | Killed a two-headed ogre
  6822 | D:8      | Reached skill level 12 in Slings
  6981 | D:8      | You pick up a book of Conjurations {forbidden@e2} and begin
                  | reading...
  6981 | D:8      | You add the spells Magic Dart, Searing Ray and Fulminant
                  | Prism to your library.
  7046 | D:8      | Noticed a brown ugly thing
  7057 | D:8      | Killed a brown ugly thing
  7792 | D:8      | HP: 23/94 [wight/+2 battleaxe (10)]
  7796 | D:8      | Reached skill level 13 in Slings
  8066 | D:9      | Noticed Joseph
  8082 | D:9      | Killed Joseph
  8232 | D:9      | Found a staircase to the Lair.
  8300 | D:9      | Found a runed translucent gate.
  8300 | D:9      | Found a runed translucent gate.
  8300 | D:9      | Found a runed translucent gate.
  8303 | D:9      | Noticed Darius099's ghost (novice TrBe)
  8306 | D:9      | Noticed a two-headed ogre
  8312 | D:9      | Killed a two-headed ogre
  8499 | D:9      | You pick up a book of Party Tricks {forbidden} and begin
                  | reading...
  8499 | D:9      | You add the spells Apportation and Alistair's Intoxication
                  | to your library.
  8511 | D:9      | HP: 15/70 [poisoned by a kobold brigand (curare-tipped
                  | dart)]
  8514 | D:9      | HP: 6/70 [poisoned by a kobold brigand (curare-tipped
                  | dart)]
  8518 | D:9      | HP: 2/70 [poisoned by a kobold brigand (curare-tipped
                  | dart)]
  8843 | D:9      | Identified the +10 lajatang "Samn" {protect, Drain rPois
                  | Str+4}
  9067 | D:9      | Reached XP level 11. HP: 75/75 MP: 11/11
  9376 | D:9      | Found a viscous altar of Jiyva.
  9405 | D:10     | Entered Level 10 of the Dungeon
  9436 | D:10     | Reached skill level 14 in Slings
  9758 | D:10     | HP: 17/75 [vampire mosquito (7)]
 10167 | D:10     | Reached skill level 15 in Slings
 10171 | D:10     | Found a staircase to the Orcish Mines.
 10184 | D:10     | HP: 13/75 [orc warrior/+0 flail (14)]
 10620 | D:10     | Reached **** piety under Trog
 10744 | D:10     | Found a sparkling altar of Nemelex Xobeh.
 11281 | D:11     | Noticed a boulder beetle
 11293 | D:11     | Killed a boulder beetle
 11495 | D:11     | Noticed Harold
 11506 | D:11     | Killed Harold
 11588 | D:11     | Reached skill level 16 in Slings
 11588 | D:11     | Reached skill level 2 in Dodging
 11780 | D:11     | Noticed a two-headed ogre
 11797 | D:11     | Killed a two-headed ogre
 11798 | D:11     | Reached skill level 6 in Unarmed Combat
 11841 | D:11     | Noticed a cyan ugly thing
 11848 | D:11     | Killed a cyan ugly thing
 11849 | D:11     | Reached skill level 3 in Dodging
 11938 | D:11     | Reached XP level 12. HP: 81/81 MP: 12/12
 12140 | D:11     | You pick up a book of Dangerous Friends {forbidden} and
                  | begin reading...
 12140 | D:11     | You add the spells Summon Guardian Golem, Orb of
                  | Destruction and Spellforged Servitor to your library.
 12481 | D:12     | Noticed a two-headed ogre
 12526 | D:13     | Noticed a boulder beetle
 12528 | D:13     | You fall into a shaft and drop 2 floors!
 12528 | D:15     | Entered Level 15 of the Dungeon
 12658 | D:15     | Reached skill level 4 in Fighting
 12662 | D:15     | Noticed a stone giant
 12670 | D:15     | Reached skill level 4 in Dodging
 12683 | D:15     | Killed a stone giant
 12684 | D:15     | Reached skill level 5 in Fighting
 12684 | D:15     | Reached skill level 7 in Unarmed Combat
 12686 | D:15     | HP: 29/129 [stone giant simulacrum[a necromancer] (46)]
 12688 | D:15     | HP: 11/129 [stone giant simulacrum[a necromancer] (17)]
 12689 | D:15     | Slain by a stone giant simulacrum

Vanquished Creatures
  A stone giant (D:15)
  A boulder beetle (D:11)
  Harold (D:11)
  3 two-headed ogres
  A hell knight (D:15)
  A deep troll (D:15)
  A necromancer (D:15)
  2 ugly things
  A cyclops (D:11)
  Joseph (D:9)
  Maggie (D:6)
  A gargoyle (D:12)
  A komodo dragon (D:10)
  A troll (D:8)
  Grinder (D:4)
  Prince Ribbit (D:7)
  A slime creature (D:12)
  Sigmund (D:3)
  2 wraiths
  A vampire (D:11)
  A wyvern (D:10)
  20 yaks
  8 vampire mosquitoes
  2 acid dragons
  8 orc warriors
  A sky beast (D:6)
  2 black bears (D:5)
  3 ice beasts
  An ogre (D:5)
  5 centaurs
  5 phantoms
  2 kobold brigands
  A bullfrog (D:6)
  A gnoll sergeant (D:7)
  2 necrophages
  A scorpion (D:6)
  7 wights
  13 killer bees
  3 howler monkeys
  8 orc priests
  4 hounds
  3 jellies
  Crazy Yiuf (D:7)
  Jessica (D:2)
  Natasha (D:3)
  4 iguanas
  7 orc wizards
  14 adders
  4 gnolls
  A shadow imp (D:8)
  3 white imps
  3 ufetubi
  2 worms
  A dart slug (D:3)
  38 orcs
  7 ball pythons
  8 bats
  3 endoplasms
  3 giant cockroaches
  6 goblins
  8 hobgoblins
  14 kobolds
  4 quokkas
  4 frilled lizards
  2 rats
264 creatures vanquished.

Vanquished Creatures (collateral kills)
  A yak (D:11)
  A vampire mosquito (D:10)
  3 orc warriors (D:10)
  2 orc priests (D:10)
  An orc (D:4)
8 creatures vanquished.

Vanquished Creatures (others)
  2 fungi (D:9)
  2 plants (D:9)
4 creatures vanquished.

Grand Total: 276 creatures vanquished

Table legend:
 A = Non-vault XP
 B = Vault XP
 C = Vault XP percentage of total XP
 D = Non-vault monster count
 E = Vault monster count
 F = Vault count percentage of total count
                 A         B        C        D         E       F
            +---------+---------+-------+---------+---------+-------
      Total |   18232 |    8242 |  31.1 |     219 |      53 |  19.5
            +---------+---------+-------+---------+---------+-------
        D:1 |      25 |       0 |   0.0 |      16 |       0 |   0.0
        D:2 |      98 |      37 |  27.4 |      17 |       1 |   5.6
        D:3 |      66 |     278 |  80.8 |      17 |       2 |  10.5
        D:4 |     342 |     267 |  43.8 |      25 |       1 |   3.8
        D:5 |     718 |     873 |  54.9 |      16 |      13 |  44.8
        D:6 |    1482 |     432 |  22.6 |      15 |       2 |  11.8
        D:7 |     997 |     305 |  23.4 |      12 |       2 |  14.3
        D:8 |    2930 |     198 |   6.3 |      25 |       2 |   7.4
        D:9 |    1579 |     807 |  33.8 |      20 |       3 |  13.0
       D:10 |    4240 |     948 |  18.3 |      32 |      22 |  40.7
       D:11 |    4617 |     857 |  15.7 |      17 |       1 |   5.6
       D:12 |    1138 |       0 |   0.0 |       7 |       0 |   0.0
       D:15 |       0 |    3240 | 100.0 |       0 |       4 | 100.0
            +---------+---------+-------+---------+---------+-------

Illustrated notes

Table legend:
 A = Kills in this place as a percentage of kills in entire the game.
 B = Kills by you in this place as a percentage of kills by you in the entire game.
 C = Kills by friends in this place as a percentage of kills by friends in the entire game.
 D = Other kills in this place as a percentage of other kills in the entire game.
 E = Experience gained in this place as a percentage of experience gained in the entire game.
 F = Experience gained in this place divided by the number of levels of this place that you have seen.
                   A       B       C       D       E      F
               +-------+-------+-------+-------+-------+----------------------
         Total | 100.0 | 100.0 | 100.0 |   N/A | 100.0 | 1764.9
       Dungeon | 100.0 | 100.0 | 100.0 |   N/A | 100.0 | 1891.0
               +-------+-------+-------+-------+-------+----------------------

Table legend: (Time is in decaauts)
 A = Elapsed time spent in this place.
 B = Non-inter-level travel time spent in this place.
 C = Inter-level travel time spent in this place.
 D = Time resting spent in this place.
 E = Time spent auto-exploring this place.
 F = Levels seen in this place.
 G = Mean time per level.
                   A        B        C        D        E       F      G
               +--------+--------+--------+--------+--------+-----+--------+
         Total |  12848 |  12434 |    414 |   4386 |   6287 |  15 |  856.5 |
       Dungeon |  12715 |  12345 |    370 |   4386 |   6212 |  14 |  908.2 |
        Temple |    133 |     89 |     44 |      0 |     75 |   1 |  133.0 |
               +--------+--------+--------+--------+--------+-----+--------+

Top non-repeatable levels by time:
     D:9: 1729 daAuts
     D:4: 1656 daAuts
    D:10: 1520 daAuts
     D:8: 1426 daAuts
     D:5: 1336 daAuts
    D:11: 1053 daAuts
     D:6: 975 daAuts
     D:2: 739 daAuts
     D:3: 659 daAuts
     D:1: 635 daAuts
     D:7: 624 daAuts
    D:12: 209 daAuts
    D:15: 150 daAuts
  Temple: 133 daAuts
    D:13: 1 daAuts
